 Dungeon Crawl Stone Soup version 0.31-a0-246-g8cbcc1cb85 (webtiles) character file.

Game seed: 11810711473238097403

88 qw the Shooter (level 4, -2/36 HPs)
             Began as a Minotaur Hexslinger on July 12, 2023.
             Slain by a gnoll
             ... wielding a +0 club
              (4 damage)
             ... on level 2 of the Dungeon.
             The game lasted 00:00:30 (1368 turns).

qw the Shooter (Minotaur Hexslinger)                Turns: 1368, Time: 00:00:30

Health: -2/36      AC:  3    Str: 13    XL:     4   Next: 30%
Magic:  4/4        EV: 12    Int: 10    God:
Gold:   127        SH:  0    Dex: 20    Spells: 4/5 levels left

rFire   . . .        Y - +1 sling (flame)
rCold   . . .        (no shield)
rNeg    . . .        k - +0 leather armour
rPois   .            (helmet restricted)
rElec   .            (no cloak)
rCorr   .            (no gloves)
SInv    .            (no boots)
Will    .....        (no amulet)
Stlth   +            h - +6 ring of dexterity
HPRegen 0.26/turn    (no ring)
MPRegen 0.09/turn

%: no passive effects
@: no status effects
A: horns 2, retaliatory headbutt
a: no special abilities


You were on level 2 of the Dungeon.
You visited 1 branch of the dungeon, and saw 2 of its levels.

You collected 127 gold pieces.


Innate Abilities, Weirdness & Mutations

You have a pair of horns on your head.
You reflexively headbutt those who attack you in melee.


   Skills:
 - Level 2.0 Fighting
 + Level 4.9 Ranged Weapons
 - Level 2.1 Dodging
 - Level 1.0 Spellcasting
 - Level 2.0 Hexes


You had 4 spell levels left.
You knew the following spells:

 Your Spells              Type           Power      Damage    Failure   Level
a - Slow                  Hex            16%        N/A       19%         1

Your spell library contained the following spells:

 Spells                   Type           Power      Damage    Failure   Level
 Inner Flame              Hex/Fire       2%         N/A       65%         3
 Portal Projectile        Hex/Tloc       4%         N/A       65%         3
 Cause Fear               Hex            2%         N/A       88%         4

Inventory:

Hand Weapons
 Y - a +1 sling of flaming (weapon)
Armour
 k - a +0 leather armour (worn)
Jewellery
 h - a +6 ring of dexterity (left hand)
Scrolls
 a - a scroll of identify

Dungeon Overview and Level Annotations

Branches:
Dungeon (2/15)

Altars:


Message History

The gnoll hits you from afar with a +0 spear.
You shoot a sling bullet. The sling bullet hits the gnoll.
The sling bullet burns the gnoll.
You kill the gnoll!
You have reached level 4!
You feel stronger.
You shoot a sling bullet.
The sling bullet hits the gnoll but does no damage.
The gnoll closely misses you.
You shoot a sling bullet. The sling bullet hits the gnoll!
The sling bullet burns the gnoll.
The gnoll is severely wounded.
The gnoll hits you from afar with a +0 spear.
You shoot a sling bullet. The sling bullet hits the gnoll.
The sling bullet burns the gnoll.
You kill the gnoll!
You shoot a sling bullet. The sling bullet hits the gnoll.
The sling bullet burns the gnoll.
The gnoll is lightly wounded.
The gnoll barely misses you.
You shoot a sling bullet. The sling bullet hits the gnoll.
The sling bullet burns the gnoll.
The gnoll is severely wounded.
The gnoll hits you with a +0 whip!
You shoot a sling bullet.
The sling bullet hits the gnoll but does no damage.
The gnoll is severely wounded.
The gnoll closely misses you.
You shoot a sling bullet. The sling bullet hits the gnoll!
The sling bullet burns the gnoll.
You kill the gnoll!
You shoot a sling bullet.
The sling bullet hits the gnoll but does no damage.
The gnoll closely misses you. The gnoll hits you with a +0 club.
You shoot a sling bullet.
The sling bullet closely misses the gnoll.
The gnoll hits you with a +0 club.
You shoot a sling bullet.
The sling bullet barely misses the gnoll.
The gnoll hits you with a +0 club.
You die...

#.#
###..........
#.# #..........
#.# ##.#######.
#.# #.# #. #.#
#.. #. #.# ###.
#. #.# # #. #.#
####. #@#
...... #g#
#####.
........)..g.gg
#.
........#######
# #########


You could see a gnoll.

Vanquished Creatures
  3 gnolls (D:2)
  2 adders (D:2)
  2 dart slugs
  An endoplasm (D:1)
  2 giant cockroaches
  3 goblins (D:1)
  6 hobgoblins
  2 quokkas
  4 ball pythons
  5 bats
  2 frilled lizards (D:1)
  4 kobolds
  3 rats (D:2)
39 creatures vanquished.

Notes
Turn   | Place    | Note
-------+----------+-------------------------------------------
     0 | D:1      | qw the Minotaur Hexslinger began the quest for the Orb.
     0 | D:1      | Reached XP level 1. HP: 16/16 MP: 1/1
     0 | D:1      | 0 ||| qw: Version: 0.3-a-52-g30416fa
     0 | D:1      | 0 ||| qw: Game counter: 6293
     0 | D:1      | 0 ||| qw: Melee chars always use a shield: true
     0 | D:1      | 0 ||| qw: God list: Okawaru
     0 | D:1      | 0 ||| qw: Allow faded altars: false
     0 | D:1      | 0 ||| qw: Do Orc after clearing Dungeon:15 true
     0 | D:1      | 0 ||| qw: Do second Lair branch before Depths: true
     0 | D:1      | 0 ||| qw: Lair rune preference: random
     0 | D:1      | 0 ||| qw: Goals: Normal
     0 | D:1      | 0 ||| PLANNING D:1-11
   276 | D:1      | 276 ||| FLEEEEING.
   277 | D:1      | 277 ||| FLEEEEING.
   280 | D:1      | 280 ||| FLEEEEING.
   281 | D:1      | 281 ||| FLEEEEING.
   282 | D:1      | 282 ||| FLEEEEING.
   284 | D:1      | 284 ||| FLEEEEING.
   285 | D:1      | 285 ||| FLEEEEING.
   286 | D:1      | 286 ||| FLEEEEING.
   292 | D:1      | Reached skill level 3 in Ranged Weapons
   292 | D:1      | Reached XP level 2. HP: 18/23 MP: 2/2
   670 | D:1      | 670 ||| FLEEEEING.
   672 | D:1      | 672 ||| FLEEEEING.
   673 | D:1      | 673 ||| FLEEEEING.
   674 | D:1      | 674 ||| FLEEEEING.
   675 | D:1      | 675 ||| FLEEEEING.
  1032 | D:1      | 1032 ||| DROPPING scarf of harm.
  1033 | D:1      | 1033 ||| UPGRADING to +0 leather armour.
  1043 | D:1      | 1043 ||| DROPPING +0 robe.
  1044 | D:1      | 1044 ||| UPGRADING to +6 ring of dexterity.
  1045 | D:1      | 1045 ||| READING scroll labelled YBRECO WEIX QOITT.
  1050 | D:1      | 1050 ||| READING scroll labelled EHOSUE YSUMPU.
  1051 | D:1      | 1051 ||| READING scroll labelled WIABIA BI PUED.
  1052 | D:1      | 1052 ||| READING 3 scrolls labelled ICIL BEBOQI.
  1098 | D:1      | 1098 ||| READING scroll labelled TEPIH QOMABIBB.
  1099 | D:1      | 1099 ||| DROPPING scroll of poison.
  1100 | D:1      | 1100 ||| DROPPING 2 scrolls of torment.
  1203 | D:2      | Reached XP level 3. HP: 25/29 MP: 3/3
  1282 | D:2      | Reached skill level 4 in Ranged Weapons
  1348 | D:2      | 1348 ||| Stepping ~*~*~tactically~*~*~ (outnumbered).
  1359 | D:2      | Reached XP level 4. HP: 14/36 MP: 4/4
  1363 | D:2      | HP: 6/36 [gnoll/+0 whip (7)]
  1367 | D:2      | HP: 1/36 [gnoll/+0 club (3)]
  1368 | D:2      | Slain by a gnoll

Levels and vault maps discovered:
D:1:      roderic_dead_forest, layout_loops_corners, hangedman_decor_growths,
          ebering_dispersal_statue_hall, minmay_tetromino_l4
D:2:      layout_basic, minmay_tall_x

Skill      XL: |  1  2  3 |
---------------+----------+-----
Ranged Weapons | 3 4 |  4.9
Fighting       | 2 |  2.0
Dodging        | |  2.1
Spellcasting   | |  1.0
Hexes          | |  2.0

Action                     |  1- 3 |  4- 6 || total
---------------------------+-------+-------++-------
   Fire: Sling             |    84 |    10 ||    94
    Use: Scroll            |     5 |       ||     5
 Armour: Robe              |     1 |       ||     1
         Leather armour    |     8 |       ||     8
  Dodge: Dodged            |    35 |     4 ||    39

Table legend:
 A = Non-vault XP
 B = Vault XP
 C = Vault XP percentage of total XP
 D = Non-vault monster count
 E = Vault monster count
 F = Vault count percentage of total count
                 A         B        C        D         E       F
            +---------+---------+-------+---------+---------+-------
      Total |     106 |      21 |  16.5 |      33 |       6 |  15.4
            +---------+---------+-------+---------+---------+-------
        D:1 |      31 |       3 |   8.8 |      18 |       2 |  10.0
        D:2 |      75 |      18 |  19.4 |      15 |       4 |  21.1
            +---------+---------+-------+---------+---------+-------
